 Dungeon Crawl Stone Soup version 0.30-a0-1008-g30c9307041 (webtiles) character file.

Game seed: 2599954052620042629

263 mandoloar the Insei (level 6, -6/61 HPs)
             Began as an Octopode Transmuter on Apr 6, 2023.
             Was an Initiate of Cheibriados.
             Mangled by Pikel
             ... wielding a +2 whip of electrocution
              (13 damage)
             ... on level 4 of the Dungeon.
             The game lasted 00:10:27 (5121 turns).

mandoloar the Insei (Octopode Transmuter)           Turns: 5121, Time: 00:10:28

Health: -6/61      AC: 23    Str: 10    XL:     6   Next: 19%
Magic:  3/10       EV:  2    Int: 19    God:    Cheibriados [......]
Gold:   158        SH:  5    Dex: 13    Spells: 4/11 levels left

rFire   . . .      SeeInvis .      - Unarmed
rCold   . . .      Faith    .    (no shield)
rNeg    . . .      Spirit   .    (helmet currently unavailable)
rPois   +          Reflect  +    f - amulet of reflection
rElec   .          Rampage  .    k - ring of wizardry
rCorr   .          NoTele   +    (no ring)
Will    .....                    (no ring)
Stlth   +                        (no ring)
HPRegen 0.30/turn                (no ring)
MPRegen 0.12/turn                (no ring)
                                 (no ring)
                                 (no ring)

@: tree-form, very slightly contaminated, very slow
A: stationary, stasis, torment immunity, boosted hp, almost no armour,
(amphibious), 8 rings, (camouflage 1), (gelatinous body 1), (nimble swimmer 1),
(tentacles)
a: Renounce Religion


You were on level 4 of the Dungeon.
You worshipped Cheibriados.
Cheibriados was noncommittal.
You were a tree.
You visited 2 branches of the dungeon, and saw 5 of its levels.

You collected 158 gold pieces.

Inventory:

Missiles
 c - 35 stones
 l - 2 silver javelins
Jewellery
 f - an amulet of reflection (around neck)
 k - a ring of wizardry (left branch)
Wands
 m - a wand of roots (9)
Scrolls
 n - 2 scrolls of poison
 o - 6 scrolls of teleportation
 q - a scroll of identify
 t - 2 scrolls of immolation
Potions
 b - a potion of haste
 d - 2 potions of attraction
 e - 2 potions of mutation
 g - a potion of magic
 h - a potion of flight
 i - a potion of curing
 j - a potion of might {unknown}
 p - 2 potions of heal wounds {unknown}
 u - a potion of berserk rage {unknown}


   Skills:
 + Level 2.4 Fighting
 + Level 3.1 Dodging
 + Level 3.8 Unarmed Combat
 + Level 3.0 Spellcasting
 + Level 3.0 Transmutations
 + Level 2.0 Ice Magic


You had 4 spell levels left.
You knew the following spells:

 Your Spells              Type           Power      Damage    Failure   Level
a - Beastly Appendage     Tmut           28%        N/A       1%          1
b - Wereblood             Tmut           14%        N/A       2%          2
c - Ice Form              Ice/Tmut       12%        N/A       21%         4

Your spell library contained the following spells:

 Spells                   Type           Power      Damage    Failure   Level
 Apportation              Tloc           4%         N/A       6%          1
 Necrotise                Necr           8%         1d4       6%          1
 Summon Small Mammal      Summ           8%         N/A       6%          1
 Blink                    Tloc           4%         N/A       9%          2
 Lesser Beckoning         Tloc           4%         N/A       9%          2
 Momentum Strike          Conj/Tloc      4%         3d8       9%          2
 Spider Form              Tmut/Pois      8%         N/A       10%         3
 Call Canine Familiar     Summ           2%         N/A       17%         3
 Summon Guardian Golem    Hex/Summ       2%         N/A       17%         3


Dungeon Overview and Level Annotations

Branches:
Dungeon (4/15)             Temple (1/1) D:4

Altars:
Ashenzari
Cheibriados
Dithmenos
Elyvilon
Fedhas
Hepliaklqana
Kikubaaqudgha
Makhleb
Nemelex Xobeh
Okawaru
Qazlal
Ru
Sif Muna
Trog
Uskayaw
Wu Jian
Xom
Yredelemnul
Zin
The Shining One

Shops:
D:1 (

Annotations:
D:4 Pikel


Innate Abilities, Weirdness & Mutations

You are a tree.
Your roots penetrate the ground, keeping you stationary.
You cannot be teleported.
You are immune to unholy pain and torment.
Your maximum health is greatly increased.
You cannot wear most types of armour.
((You are amphibious.))
You can wear up to eight rings at the same time.
((Your skin changes colour to match your surroundings (Stealth+).))
((Your rubbery body absorbs attacks. (AC +1, EV +1)))
((You are camouflaged when in or above water. (Stealth+)))
((You have tentacles for arms and can constrict up to eight enemies at once.))


Message History

q - a scroll of identify Pikel, Merchant of Souls comes into view.
He is wielding a +2 whip of electrocution.
The lemure shouts!
You hear a shout!
Casting: Ice Form (quite dangerous; 21% risk of failure)
Confirm with . or Enter, or press ? or * to list all spells.
You miscast Ice Form.
You are very lightly contaminated with residual magic.
Nothing appears to happen.
You tentacle-slap Pikel. You grab Pikel.
Pikel is lightly wounded.
You constrict Pikel, but do no damage.
Pikel hits you with a +2 whip of electrocution!
Casting: Ice Form (quite dangerous; 21% risk of failure)
Confirm with . or Enter, or press ? or * to list all spells.
You miscast Ice Form.
Nothing appears to happen.
You constrict Pikel. You block Pikel's attack.
Casting: Ice Form (quite dangerous; 21% risk of failure)
Confirm with . or Enter, or press ? or * to list all spells.
You don't have enough magic to cast this spell.
Casting: Ice Form (quite dangerous; 21% risk of failure)
Confirm with . or Enter, or press ? or * to list all spells.
You don't have enough magic to cast this spell.
You release your grip on Pikel.
Pikel attacks as you move away!
Pikel hits you with a +2 whip of electrocution.
Pikel attacks as you move away! You block Pikel's attack.
Pikel closely misses you. Pikel attacks as you move away!
Pikel hits you with a +2 whip of electrocution!
You are electrocuted!
* * * LOW HITPOINT WARNING * * *
Really quaff the potion of lignification? [Y]es or [N]o only, please.
Really quaff the potion of lignification?
You turn into a tree.
Your roots penetrate the ground.
Pikel hits you but does no damage.
You smack Pikel!
Pikel is moderately wounded.
Pikel hits you but does no damage.
You are electrocuted!
You die...

######################
................♣K...#
####################5#
......,,,,* #.#
......,,,,* #.# #
######**############.#
# .....#
#.........##.# #
####.# #............#
# #.############.####
# #..)........##.# #


You could see Pikel and a lemure.

Vanquished Creatures
  A lemure (D:3)
  A jelly (D:4)
  Crazy Yiuf (D:2)
  Jessica (D:2)
  Natasha (D:4)
  4 gnolls
  4 adders
  A worm (D:3)
  2 dart slugs (D:3)
  4 orcs
  5 bats
  6 endoplasms
  4 giant cockroaches
  3 goblins
  6 hobgoblins
  6 jackals (D:3)
  A quokka (D:1)
  4 ball pythons
  5 frilled lizards
  11 kobolds
  5 rats
76 creatures vanquished.

Notes
Turn   | Place    | Note
-------+----------+-------------------------------------------
     0 | D:1      | mandoloar the Octopode Transmuter began the quest for the
                  | Orb.
     0 | D:1      | Reached XP level 1. HP: 13/13 MP: 3/3
   238 | D:1      | Found Enwyluli's Weapon Emporium.
   773 | D:1      | Reached XP level 2. HP: 16/18 MP: 3/5
   776 | D:1      | Learned a level 2 spell: Wereblood
  1028 | D:2      | Noticed Jessica
  1384 | D:2      | Found a white marble altar of Elyvilon.
  1489 | D:2      | Found a faded altar of an unknown god.
  1539 | D:2      | Reached XP level 3. HP: 23/23 MP: 6/6
  1589 | D:2      | Killed Jessica
  1590 | D:2      | Reached skill level 1 in Ice Magic
  1746 | D:2      | Found a runed translucent door.
  1747 | D:2      | Noticed Crazy Yiuf
  1793 | D:2      | Reached XP level 4. HP: 28/28 MP: 5/7
  1823 | D:2      | Learned a level 4 spell: Ice Form
  2638 | D:2      | Killed Crazy Yiuf
  2639 | D:2      | Reached XP level 5. HP: 34/34 MP: 1/9
  3991 | D:4      | Noticed a lemure
  3992 | D:4      | Noticed a lemure
  4000 | D:4      | Noticed a lemure
  4011 | D:3      | Killed a lemure
  4200 | D:4      | Noticed Natasha
  4201 | D:4      | Found a staircase to the Ecumenical Temple.
  4206 | D:4      | Killed Natasha
  4207 | D:4      | Reached XP level 6. HP: 40/40 MP: 5/10
  4358 | Temple   | Entered the Ecumenical Temple
  4617 | Temple   | Became a worshipper of Cheibriados the Contemplative
  5101 | D:4      | Noticed Pikel
  5121 | D:4      | Mangled by Pikel

Illustrated notes

Levels and vault maps discovered:
D:1:      nzn_arrival_depleted_hourglass, layout_loops_corners, serial_shops,
          nicolae_diamond_shop
D:2:      layout_basic, hellmonk_ecumenical_altar_defaced_shrine, basic_altar,
          uniq_crazy_yiuf_cottage, uniq_jessica
D:3:      layout_loops_corners, hangedman_decor_clover_reticule
D:4:      layout_basic, minmay_temple_entry_antechambers, uniq_natasha,
          uniq_pikel
Temple:   mainiacjoe_temple_big_plus

Skill      XL: |  1  2  3  4  5  6 |
---------------+-------------------+-----
Ice Magic      | 1 2 |  2.0
Fighting       | 2 |  2.4
Dodging        | 3 |  3.1
Transmutations | 3 |  3.0
Spellcasting   | 3 |  3.0
Unarmed Combat | |  3.8

Action                     |  1- 3 |  4- 6 || total
---------------------------+-------+-------++-------
  Melee: Unarmed           |    59 |   119 ||   178
         Constrict         |    15 |    20 ||    35
         Tentacles         |    11 |    17 ||    28
         Kick              |    14 |    26 ||    40
         Punch             |     1 |     1 ||     2
   Cast: Beastly Appendage |    22 |    27 ||    49
         Ice Form          |       |     8 ||     8
         Wereblood         |       |     1 ||     1
    Use: Scroll            |     2 |    10 ||    12
         Potion            |       |     1 ||     1
   Stab: Sleeping          |       |     7 ||     7
 Armour: Skin              |     4 |    11 ||    15
  Dodge: Dodged            |    21 |    48 ||    69
  Block: Other             |     8 |    19 ||    27
         Reflection        |       |     1 ||     1

Table legend: (Time is in decaauts)
 A = Elapsed time spent in this place.
 B = Non-inter-level travel time spent in this place.
 C = Inter-level travel time spent in this place.
 D = Time resting spent in this place.
 E = Time spent auto-exploring this place.
 F = Levels seen in this place.
 G = Mean time per level.
                   A        B        C        D        E       F      G
               +--------+--------+--------+--------+--------+-----+--------+
         Total |   5226 |   4903 |    323 |    840 |   3300 |   5 | 1045.2 |
       Dungeon |   4753 |   4461 |    292 |    840 |   2881 |   4 | 1188.2 |
        Temple |    473 |    442 |     31 |      0 |    419 |   1 |  473.0 |
               +--------+--------+--------+--------+--------+-----+--------+

Top non-repeatable levels by time:
     D:2: 1433 daAuts
     D:1: 1367 daAuts
     D:3: 1311 daAuts
     D:4: 641 daAuts
  Temple: 473 daAuts
